 Dungeon Crawl Stone Soup version 0.29.1-1-gd02db6906a (webtiles) character file.

Game seed: 16889787636029080134

1742 Descartes the Sneak (level 8, -4/36 HPs)
             Began as a Spriggan Fire Elementalist on Sept 18, 2022.
             Slain by Edmund
             ... wielding a +4 flail of protection
              (8 damage)
             ... on level 5 of the Dungeon.
             The game lasted 00:11:50 (8706 turns).

Descartes the Sneak (Spriggan Fire Elementalist)    Turns: 8706, Time: 00:11:51

Health: -4/36      AC:  3    Str:  4    XL:     8   Next: 77%
Magic:  1/18       EV: 20    Int: 18    God:
Gold:   256        SH:  0    Dex: 16    Spells: 5/19 levels left

rFire   . . .      SeeInvis +   j - +2 dagger (venom)
rCold   . . .      Faith    .   (no shield)
rNeg    . . .      Spirit   .   a - +0 robe
rPois   .          Reflect  .   t - +1 hat
rElec   .          Harm     .   (no cloak)
rCorr   +          Rampage  .   (gloves unavailable)
Will    +....                   (boots unavailable)
Stlth   ++++......              (no amulet)
HPRegen 0.12/turn               i - ring of resist corrosion
MPRegen 0.16/turn               (no ring)

@: very quick
A: very small, no large weapons, unfitting armour, see invisible, speed 3
a: no special abilities


You were on level 5 of the Dungeon.
You visited 2 branches of the dungeon, and saw 7 of its levels.

You collected 256 gold pieces.

Inventory:

Hand Weapons
 j - a +2 dagger of venom (weapon)
Missiles
 e - 69 stones
 g - 27 poisoned darts
Armour
 a - a +0 robe (worn)
 t - a +1 hat (worn)
Jewellery
 i - a ring of resist corrosion (left hand)
 w - a ring of willpower
Scrolls
 c - 4 scrolls of identify {unknown}
 f - 3 scrolls of enchant weapon {unknown}
 h - 2 scrolls of immolation {unknown}
 n - a scroll of teleportation {unknown}
 p - a scroll of magic mapping {unknown}
 q - 2 scrolls of noise {unknown}
 r - a scroll of brand weapon {unknown}
 u - a scroll of enchant armour {unknown}
 x - a scroll of poison {unknown}
Potions
 b - a potion of magic
 d - a potion of invisibility {unknown}
 k - a potion of heal wounds
 l - 3 potions of curing {unknown}
 m - a potion of might {unknown}
 o - a potion of degeneration {unknown}
 s - 2 potions of cancellation {unknown}
 v - 2 potions of lignification {unknown}


   Skills:
 + Level 6.4 Dodging
 + Level 7.9 Stealth
 + Level 6.1 Spellcasting
 + Level 3.4 Conjurations
 + Level 4.5 Fire Magic
 + Level 0.0 Earth Magic
 + Level 4.2 Poison Magic


You had 5 spell levels left.
You knew the following spells:

 Your Spells              Type           Power      Damage    Failure   Level
a - Foxfire               Conj/Fire      76%        2x1d7     2%          1
b - Scorch                Fire           42%        2d7       2%          2
c - Flame Wave            Conj/Fire      19%        2d7       22%         4
d - Conjure Flame         Conj/Fire      19%        6-21      7%          3
e - Ignite Poison         Fire/Tmut/Pois 16%        N/A       11%         3
f - Sandblast             Erth           10%        2d5       12%         1

Your spell library contained the following spells:

 Spells                   Type           Power      Damage    Failure   Level
 Mephitic Cloud           Conj/Pois/Air  14%        N/A       12%         3
 Inner Flame              Hex/Fire       13%        N/A       14%         3
 Stone Arrow              Conj/Erth      22%        3d8       17%         3
 Passwall                 Tmut/Erth      4%         N/A       19%         2
 Animate Dead             Necr           5%         N/A       75%         4
 Freezing Cloud           Conj/Ice/Air   4%         6-21      90%         5
 Borgnjor's Vile Clutch   Necr/Erth      2%         N/A       97%         5
 Death Channel            Necr           2%         N/A       100%        6


Dungeon Overview and Level Annotations

Branches:
Dungeon (6/15)             Temple (1/1) D:5

Altars:
Ashenzari
Cheibriados
Elyvilon
Fedhas
Gozag
Hepliaklqana
Kikubaaqudgha
Okawaru
Qazlal
Ru
Sif Muna
Uskayaw
Vehumet
Zin
The Shining One

Annotations:
D:5 Edmund


Innate Abilities, Weirdness & Mutations

You are very small and have problems with some larger weapons.
You are too small for most types of armour.
You have supernaturally acute eyesight. (SInv)
You cover ground extremely quickly. (Speed+++)


Message History

Edmund is lightly wounded.
Edmund misses you.
Edmund asks, "Have you met my wondrous brother?"
Casting: Scorch (safe; 2% risk of failure)
Confirm with . or Enter, or press ? or * to list all spells.
You conjure some foxfire!
Casting: Foxfire (safe; 2% risk of failure)
Confirm with . or Enter, or press ? or * to list all spells.
You conjure some foxfire!
The foxfire hits Edmund but does no damage.
Edmund is heavily wounded.
The foxfire hits Edmund.
Edmund is severely wounded.
The foxfire hits Edmund but does no damage.
Edmund is severely wounded.
The foxfire hits Edmund but does no damage.
Edmund is severely wounded.
Casting: Foxfire (safe; 2% risk of failure)
Confirm with . or Enter, or press ? or * to list all spells.
You don't have enough magic to cast this spell.
Casting: Foxfire (safe; 2% risk of failure)
Confirm with . or Enter, or press ? or * to list all spells.
You conjure some foxfire!
The foxfire hits Edmund but does no damage.
Edmund is severely wounded.
The foxfire hits Edmund but does no damage.
Edmund is severely wounded.
Edmund hits you with a +4 flail of protection.
You hit Edmund but do no damage.
Edmund looks even sicker.
Edmund is severely wounded.
Edmund hits you with a +4 flail of protection!
* * * LOW HITPOINT WARNING * * *
You hit Edmund but do no damage.
Edmund looks as sick as possible!
Edmund is severely wounded.
Edmund completely misses you.
You hit Edmund but do no damage.
Edmund looks as sick as possible!
Edmund is severely wounded.
Edmund says, "A flail is better than a scythe, any day of the week!"
Edmund hits you with a +4 flail of protection!
You die...

................#............####
.#...#...#...#..#.........####
..............._#.........'#
.#†..#...#.[.#..#.........#####
................#........#....###
#################.......##.##....
#.# #....##.+...........##.##....
#.###'#####.#...............#....
#.##.<......+...@@.....###.....<.
#..........##...............##>..
#..........##...#'###'#####....#'
....<......##.###.....# ###..#.
...........##....###### #####'##'
###.#+###....###.# #........
#....# #....# #.##### #........
##..### #....# #.....# #........
....## #....#####...# #........


You could see Edmund (extremely poisoned).

Vanquished Creatures
  A wyvern (D:6)
  A water moccasin (D:5)
  2 black bears
  2 ogres
  A phantom (D:5)
  A kobold brigand (D:6)
  A bullfrog (D:6)
  2 necrophages (D:5)
  3 scorpions
  3 killer bees (D:6)
  3 hounds
  Jessica (D:2)
  A gnoll bouda (D:6)
  2 iguanas (D:5)
  2 orc wizards (D:2)
  5 gnolls (D:6)
  9 adders
  2 shadow imps
  2 white imps (D:6)
  An ufetubus (D:6)
  A worm (D:2)
  3 dart slugs
  11 orcs
  3 ball pythons
  4 bats
  6 endoplasms
  7 giant cockroaches
  4 goblins
  5 hobgoblins
  3 jackals (D:2)
  23 kobolds
  6 quokkas
  3 frilled lizards
  3 rats
127 creatures vanquished.

Vanquished Creatures (collateral kills)
  22 foxfires (D:6)
22 creatures vanquished.

Vanquished Creatures (others)
  860 foxfires
  52 plants (D:6)
912 creatures vanquished.

Grand Total: 1061 creatures vanquished

Notes
Turn   | Place    | Note
-------+----------+-------------------------------------------
     0 | D:1      | Descartes the Spriggan Fire Elementalist began the quest
                  | for the Orb.
     0 | D:1      | Reached XP level 1. HP: 9/9 MP: 5/5
   690 | D:1      | Reached XP level 2. HP: 13/13 MP: 0/6
   994 | D:2      | Reached skill level 1 in Conjurations
  1241 | D:2      | Reached XP level 3. HP: 16/16 MP: 1/8
  1594 | D:2      | Noticed Jessica
  1597 | D:2      | Killed Jessica
  1598 | D:2      | Reached skill level 4 in Stealth
  1598 | D:2      | Reached skill level 1 in Poison Magic
  1598 | D:2      | Reached XP level 4. HP: 21/21 MP: 6/10
  2697 | D:3      | Reached XP level 5. HP: 24/24 MP: 6/11
  3220 | D:3      | Found a glowing golden altar of the Shining One.
  3561 | D:4      | Noticed an ogre
  3567 | D:4      | Killed an ogre
  3640 | D:4      | Reached XP level 6. HP: 28/28 MP: 0/12
  3748 | D:4      | Reached skill level 5 in Stealth
  4493 | D:5      | Entered Level 5 of the Dungeon
  4504 | D:5      | Noticed a water moccasin
  4861 | D:5      | Reached XP level 7. HP: 32/32 MP: 3/14
  4864 | D:5      | Learned a level 2 spell: Scorch
  4870 | D:5      | Learned a level 4 spell: Flame Wave
  4874 | D:5      | Learned a level 3 spell: Conjure Flame
  5010 | D:5      | Found a snail-covered altar of Cheibriados.
  5052 | D:5      | Reached skill level 5 in Dodging
  5052 | D:5      | Reached skill level 6 in Stealth
  5392 | D:5      | Reached skill level 5 in Spellcasting
  5706 | D:5      | Found a staircase to the Ecumenical Temple.
  5739 | Temple   | Entered the Ecumenical Temple
  6170 | D:5      | Reached XP level 8. HP: 36/36 MP: 10/16
  6678 | D:5      | Noticed Edmund
  7556 | D:6      | Reached skill level 7 in Stealth
  8646 | D:5      | Learned a level 3 spell: Ignite Poison
  8648 | D:5      | Learned a level 1 spell: Sandblast
  8706 | D:5      | Slain by Edmund

Illustrated notes

Levels and vault maps discovered:
D:1:      matt_arrival_debris, layout_basic
D:2:      layout_basic, grunt_ministairs_15, uniq_jessica
D:3:      layout_rooms, lemuel_doored_altar
D:4:      layout_rooms, minivault_23, minmay_misc_feat_doors
D:5:      layout_basic, lemuel_coloured_pillars_altar,
          minmay_temple_entry_waves, sigmund_edmund_badplayer
D:6:      kennysheep_kobold_camp, layout_basic,
          grunt_temple_overflow_champion_of_chaos
Temple:   nicolae_temple_figure_eight

Skill      XL: |  1  2  3  4  5  6  7  8 |
---------------+-------------------------+-----
Dodging        | 3 4 5 6 |  6.4
Conjurations   | 1 2 3 |  3.4
Spellcasting   | 3 4 5 6 |  6.1
Stealth        | 4 5 6 7 |  7.9
Poison Magic   | 1 2 3 4 |  4.2
Fire Magic     | 3 4 |  4.5

Action                   |  1- 3 |  4- 6 |  7- 9 || total
-------------------------+-------+-------+-------++-------
Melee: Dagger            |       |    18 |    12 ||    30
 Cast: Foxfire           |    76 |   175 |   274 ||   525
       Scorch            |       |       |    10 ||    10
  Use: Potion            |       |       |     1 ||     1
Armor: Robe              |       |     1 |     2 ||     3
Dodge: Dodged            |     1 |    38 |    51 ||    90
